 Dungeon Crawl Stone Soup version 0.13.0-29-gdb529de (webtiles) character file.

25937 MirrMurr the Spry (level 12, 57/57 HPs)
             Began as a Felid Berserker on Nov 11, 2013.
             Was a High Priest of Trog.
             Quit the game on Level 16 of the Dungeon on Nov 12, 2013.
             The game lasted 01:42:57 (27769 turns).

MirrMurr the Spry (Felid Berserker)                Turns: 27769, Time: 01:42:57

HP  57/57        AC  8     Str 13      XL: 12   Next: 77%
MP  29/29        EV 33     Int  9      God: Trog [*****.]
Gold 1857        SH  0     Dex 20      Spells:  0 memorised, 11 levels left
Lives: 0, deaths: 3

Res.Fire  : . . .   See Invis. : +     - Unarmed
Res.Cold  : + . .   Warding    : +   (armour unavailable)
Life Prot.: + . .   Conserve   : .   (shield unavailable)
Res.Poison: .       Res.Corr.  : .   (helmet unavailable)
Res.Elec. : .       Clarity    : .   (cloak unavailable)
Sust.Abil.: . .     Spirit.Shd : .   (gloves unavailable)
Res.Mut.  : .       Stasis     : .   (boots unavailable)
Res.Rott. : .       Flight     : .   w - amulet of warding
Saprovore : . . .                    A - +5 ring of protection
                                     n - +4,+5 ring of slaying

@: quick, quite resistant to hostile enchantments, extraordinarily stealthy
A: paw claws, no armour, no advanced items, fangs 3, see invisible, carnivore 3,
speed 1, slow metabolism 1, AC +3
a: Burn Spellbooks, Berserk, Trog's Hand, Brothers in Arms, Renounce Religion


You were on level 16 of the Dungeon.
You worshipped Trog.
Trog was extremely pleased with you.
You were not hungry.

You visited 3 branches of the dungeon, and saw 25 of its levels.
You also visited: Labyrinth and Ice Cave.

You collected 2044 gold pieces.
You spent 207 gold pieces at shops.

Inventory:

Comestibles
 a - a sausage
 c - 16 meat rations
 D - 3 chunks of hippogriff flesh
 G - 3 beef jerkies
Scrolls
 j - 4 scrolls of fog
 m - 4 scrolls of fear
 o - 12 scrolls of remove curse
 q - 6 scrolls of teleportation
 s - a scroll of summoning
 u - a scroll of silence {unknown}
 v - 3 scrolls of identify
 y - a scroll of blinking
Jewellery
 d - the ring "Xyin" {+Rage Str+5}
   (You found it on level 6 of the Dungeon)

   [ring of strength]

   It affects your strength (+5).
   It lets you go berserk.
 i - a +3 ring of protection
 l - a +4 ring of intelligence
 n - a +4,+5 ring of slaying (left paw)
 w - an amulet of warding (around neck)
 x - an uncursed ring of protection from fire
 A - a +5 ring of protection (right paw)
 E - an uncursed ring of protection from cold
 F - a +0,+4 ring of slaying
 J - an uncursed amulet of resist mutation
Potions
 b - 6 potions of restore abilities
 e - a potion of agility
 f - a potion of berserk rage
 g - 7 potions of curing
 h - 4 potions of heal wounds
 k - 3 potions of might
 r - 4 potions of resistance
 t - 2 potions of flight
 z - a potion of magic
 B - 2 potions of cure mutation
 C - a potion of invisibility
Miscellaneous
 p - a legendary deck of summonings {the Herd}


   Skills:
 + Level 11.0 Fighting
 + Level 15.4 Dodging
 - Level 13.6 Stealth
 * Level 15.2 Unarmed Combat
 - Level 12.7 Evocations


You had 11 spell levels left.
You didn't know any spells.

Dungeon Overview and Level Annotations

Branches:
Dungeon (16/27)            Temple (1/1) D:4             Orc (0/4) D:7
   Lair (8/8) D:9           Swamp (0/5) Lair:4        Snake (0/5) Lair:3
  Slime (0/6) Lair:6
 Vaults: D:15-20

Altars:
Elyvilon
Makhleb
Okawaru
Trog
Vehumet
Xom
Zin
the Shining One
Jiyva

Shops:
D:4 !   D:5 +   D:7 (   D:12 !

Annotations:
Lair:8 hellmouth ending, exclusion: door


Innate Abilities, Weirdness & Mutations

You cannot wear armour.
You are incapable of any advanced item manipulation.
Your paws have sharp claws.
You have razor-sharp teeth.
You have supernaturally acute eyesight.
You are carnivorous and can eat meat at any time.
You cover ground quickly.
Your thick and shaggy fur keeps you warm (AC +3, rC+).
You have a slow metabolism.


Message History

The six-headed hydra completely misses you.
The six-headed hydra misses you.
The six-headed hydra closely misses you.
You claw the six-headed hydra!
The six-headed hydra is severely wounded.
You claw the six-headed hydra!
The six-headed hydra is almost dead.
The six-headed hydra completely misses you.
The six-headed hydra bites you.
* * * LOW HITPOINT WARNING * * *
The six-headed hydra bites you.
* * * LOW HITPOINT WARNING * * *
The six-headed hydra bites you!
You die...
The six-headed hydra completely misses you.
The six-headed hydra closely misses you.
You are now level 12!
You rejoin the land of the living...
A slime creature comes into view.
Are you sure you want to abandon this character and quit the game? (Confirm with "yes".)

#........### #....###...)
#######>.........
####.......##.#.###.
.######....#...........)..
#..........<#.###.###.#####
......................<....
.........#######....?......
#.........@!............##.
####...............### #.
#.####.......####. #.. #.#
.#######.J # #.. .# .. .
.##.. ### .#.. ## . ## #
#... #.#...# #. ## #...
#..#.#.###.# #..#...


You could see a slime creature (sleeping).

Vanquished Creatures
  A sphinx (D:16)
  A minotaur (Lab)
  2 hydras
  An ogre mage (D:15)
  A death yak (Lair:8)
  A very ugly thing (IceCv)
  A centaur warrior (D:14)
  2 unseen horrors
  An ice devil (IceCv)
  An orc knight (D:16)
  A wizard (Lair:8)
  The ghost of Saegge the Chopper, an experienced MiBe of Trog (D:7)
  4 hill giants
  Joseph (D:8)
  A wolf spider zombie (D:14)
  A lindwurm (Lair:8)
  3 griffons
  4 cyclopes
  5 elephants
  11 black mambas
  12 spiny frogs
  A queen ant (Lair:4)
  A feature mimic (Lair:6)
  2 anaconda simulacra (IceCv)
  A hydra zombie (D:13)
  7 fire drakes
  3 two-headed ogres
  2 komodo dragons
  3 trolls
  A wolf spider simulacrum (IceCv)
  4 slime creatures (D:15)
  2 blink frogs (Lair:8)
  A grizzly bear (Lair:8)
  2 shadows
  8 basilisks
  A dire elephant simulacrum (IceCv)
  A hill giant zombie (D:15)
  A griffon skeleton (D:12)
  An ice dragon skeleton (D:15)
  6 ugly things
  A hog (D:7)
  42 yaks
  An elephant slug (Lair:7)
  The ghost of Econoterrorist the Chopper, an average MiFi (D:3)
  2 wraiths
  A wyvern (D:14)
  A death yak simulacrum (IceCv)
  12 hippogriffs
  2 harpy simulacra (IceCv)
  A hill giant skeleton (D:11)
  6 manticores
  9 hungry ghosts
  15 soldier ants
  14 wolves
  Edmund (D:5)
  4 freezing wraiths (IceCv)
  An iron troll simulacrum (IceCv)
  9 porcupines
  A human (D:7)
  A yellow wasp (D:13)
  8 giant goldfish
  7 ice beasts
  2 black bears (D:7)
  8 ogres
  A spriggan simulacrum (IceCv)
  3 sky beasts
  7 orc warriors
  A phantom (D:6)
  Sigmund (D:5)
  Duvessa (D:5)
  6 giant slugs
  8 crocodiles
  10 centaurs
  A boring beetle (Lair:8)
  13 giant frogs
  A brain worm (D:13)
  13 water moccasins
  Blork the orc (D:5)
  3 agate snails
  4 big kobolds
  A yaktaur skeleton (D:16)
  A wyvern zombie (D:11)
  A cyclops skeleton (D:16)
  A troll zombie (D:15)
  A manticore skeleton (D:13)
  8 wights
  2 draconian simulacra (IceCv)
  17 killer bees
  2 jellyfish (Lair:8)
  A yak skeleton (D:11)
  4 jellies
  A yellow wasp zombie (D:13)
  7 crimson imps
  Dowan (D:5)
  3 goliath beetles
  7 hounds
  5 orc priests
  A centaur skeleton (D:9)
  4 iguanas
  8 big fish
  Crazy Yiuf (D:7)
  A water moccasin zombie (D:9)
  4 scorpions
  A water moccasin skeleton (D:10)
  7 orc wizards
  A killer bee zombie (D:4)
  A shapeshifter simulacrum (D:15)
  13 sheep
  3 troll simulacra (IceCv)
  A mottled dragon zombie (D:13)
  42 worker ants
  2 centaur simulacra (IceCv)
  A crocodile skeleton (D:4)
  A mummy (D:12)
  A hound zombie (D:7)
  A worker ant zombie (D:7)
  23 green rats
  8 gnolls (D:8)
  23 adders
  2 giant centipedes
  2 giant mites
  4 white imps (IceCv)
  6 worms
  2 naga simulacra (IceCv)
  4 ufetubi (IceCv)
  An adder skeleton (D:9)
  A giant eyeball (D:10)
  6 giant geckos
  3 oozes (Lair:8)
  41 orcs
  14 bats
  13 goblins
  14 hobgoblins
  15 jackals
  26 kobolds
  5 quokkas
  7 ball pythons
  3 giant cockroaches
  A giant gecko zombie (D:8)
  5 giant newts
  A giant spore (D:12)
  A kobold skeleton (D:5)
  An orc skeleton (D:4)
  A quokka zombie (D:7)
  25 rats
  A rat skeleton (D:4)
  8 ballistomycetes
  A plant (Lair:8)
753 creatures vanquished.

Vanquished Creatures (collateral kills)
  Gastronok (D:11)
  A dire elephant (Lair:8)
  5 hydras
  2 ice devils (D:15)
  A centaur warrior (D:14)
  4 fire drakes
  Sonja (D:14)
  A wyvern (D:14)
  A hippogriff (Lair:4)
  A golden eye (D:8)
  A manticore (Lair:4)
  3 hydra simulacra (IceCv)
  3 giant goldfish (Lair:8)
  A spriggan simulacrum (IceCv)
  A draconian simulacrum (IceCv)
  A pulsating lump (shapeshifter) (D:16)
  An iguana (D:11)
  A centaur simulacrum (IceCv)
  An adder (Lair:2)
  A white imp (IceCv)
32 creatures vanquished.

Vanquished Creatures (others)
  A deep troll (IceCv)
  A hill giant (IceCv)
  2 trolls (IceCv)
  2 two-headed ogres
  A yak (Lair:7)
  An ogre (Lair:4)
  A crimson imp (D:15)
  A two-headed ogre skeleton (D:9)
  A gnoll (D:8)
  2 giant spores
  A kobold (D:11)
  6 fungi
  A plant (Lair:6)
21 creatures vanquished.

Grand Total: 806 creatures vanquished

Notes
Turn   | Place    | Note
--------------------------------------------------------------
     0 | D:1      | MirrMurr, the Felid Berserker, began the quest for the Orb.
     0 | D:1      | Reached XP level 1. HP: 10/10 MP: 1/1
   329 | D:1      | Reached XP level 2. HP: 14/14 MP: 2/2
   337 | D:1      | Reached skill level 1 in Stealth
   996 | D:2      | Reached XP level 3. HP: 18/18 MP: 4/4
  1124 | D:2      | Acquired Trog's second power
  1732 | D:2      | Found an iron altar of Okawaru.
  1896 | D:2      | Reached XP level 4. HP: 17/21 MP: 6/6
  2115 | D:3      | Noticed Econoterrorist's ghost (average MiFi)
  2143 | D:3      | Killed Econoterrorist's ghost
  2143 | D:3      | Reached skill level 5 in Dodging
  2143 | D:3      | Reached XP level 5. HP: 19/25 MP: 7/7
  2512 | D:3      | Gained mutation: You are covered in thick fur (AC +2). [growing up]
  2512 | D:3      | Reached XP level 6. HP: 26/29 MP: 9/9
  2725 | D:4      | Found Cuby's Distillery.
  2767 | D:4      | Bought a potion of heal wounds for 42 gold pieces
  2767 | D:4      | Bought a potion of resistance for 98 gold pieces
  2767 | D:4      | Bought a potion of curing for 28 gold pieces
  3155 | D:4      | Reached skill level 5 in Unarmed Combat
  3239 | D:4      | Found a staircase to the Ecumenical Temple.
  3257 | D:4      | Found a glowing golden altar of the Shining One.
  3335 | Temple   | Entered the Ecumenical Temple
  3513 | D:5      | Entered Level 5 of the Dungeon
  3533 | D:5      | Noticed Sigmund
  3541 | D:5      | Killed Sigmund
  3541 | D:5      | Reached XP level 7. HP: 29/33 MP: 11/11
  3578 | D:5      | Found a glowing silver altar of Zin.
  3648 | D:5      | Noticed Edmund
  3666 | D:5      | Killed Edmund
  3666 | D:5      | Reached skill level 6 in Dodging
  3778 | D:5      | Reached skill level 5 in Stealth
  3811 | D:5      | Noticed Dowan
  3812 | D:5      | Noticed Duvessa
  3821 | D:5      | Killed Dowan
  3829 | D:5      | Killed Duvessa
  3970 | D:5      | Found Xyesch's Book Shop.
  4104 | D:5      | Noticed Blork the orc
  4226 | D:5      | Killed Blork the orc
  4226 | D:5      | Reached skill level 5 in Fighting
  4334 | D:5      | Found a burning altar of Makhleb.
  4556 | D:6      | Found a white marble altar of Elyvilon.
  4582 | D:6      | Got a smoking ivory ring
  4583 | D:6      | Identified the ring "Xyin" {+Rage Str+5} (You found it on level 6 of the Dungeon)
  4659 | D:6      | Reached skill level 1 in Evocations
  4659 | D:6      | Reached XP level 8. HP: 37/37 MP: 11/13
  5153 | D:6      | Reached skill level 7 in Dodging
  5403 | D:6      | Reached skill level 5 in Evocations
  5648 | D:7      | Reached skill level 8 in Dodging
  5680 | D:7      | Reached XP level 9. HP: 27/40 MP: 21/21
  5750 | D:7      | Noticed Saegge's ghost (experienced MiBe)
  5766 | D:7      | Killed Saegge's ghost
  5786 | D:7      | Found a staircase to the Orcish Mines.
  5787 | D:7      | Found Moum Att's Weapon Shoppe.
  5988 | D:7      | Acquired Trog's third power
  6078 | D:7      | Reached skill level 9 in Dodging
  6786 | D:7      | Noticed Crazy Yiuf
  6793 | D:7      | Killed Crazy Yiuf
  7189 | D:8      | Noticed Joseph
  7242 | D:8      | Killed Joseph
  7242 | D:8      | Reached XP level 10. HP: 42/44 MP: 25/25
  7309 | D:8      | Found a shimmering altar of Xom.
  8057 | D:9      | Found a staircase to the Lair.
  8057 | D:9      | Noticed an elephant
  8058 | D:9      | Noticed an elephant
  8059 | D:9      | Noticed an elephant
  8082 | D:9      | Killed an elephant
  8082 | D:9      | Reached skill level 10 in Dodging
  8088 | D:9      | Killed an elephant
  8096 | D:9      | Killed an elephant
  8278 | D:9      | Reached skill level 10 in Evocations
  8562 | D:9      | Reached skill level 10 in Unarmed Combat
  8872 | D:10     | Entered Level 10 of the Dungeon
  8931 | Lair:1   | Entered Level 1 of the Lair of Beasts
  9066 | Lair:1   | Found a labyrinth entrance.
  9091 | Lab      | Entered a labyrinth
  9832 | Lab      | Noticed a minotaur
  9847 | Lab      | Killed a minotaur
  9847 | Lab      | Reached XP level 11. HP: 29/48 MP: 27/27
  9977 | Lair:1   | Reached skill level 11 in Dodging
 10933 | Lair:2   | Noticed a four-headed hydra
 10956 | Lair:2   | Killed a four-headed hydra
 11334 | Lair:3   | Impaled on a porcupine's spines
 11335 | Lair:3   | Reached XP level 10. HP: -2/45 MP: 25/25
 11555 | Lair:3   | Found a staircase to the Snake Pit.
 12292 | Lair:3   | Reached XP level 11. HP: 42/49 MP: 27/27
 12950 | Lair:4   | Noticed a four-headed hydra
 12977 | Lair:3   | Reached skill level 12 in Dodging
 13395 | Lair:4   | Killed a four-headed hydra
 13437 | Lair:4   | HP: 3/73 [basilisk (9)]
 13448 | Lair:4   | HP: 2/49 [hippogriff (1)]
 13747 | Lair:4   | Reached skill level 10 in Stealth
 14192 | Lair:4   | Found a staircase to the Swamp.
 14500 | Lair:4   | Gained mutation: Your thick and shaggy fur keeps you warm (AC +3, rC+). [growing up]
 14500 | Lair:4   | Reached XP level 12. HP: 54/54 MP: 29/29
 15469 | Lair:5   | Reached skill level 13 in Dodging
 16240 | Lair:6   | Found a staircase to the Slime Pits.
 16241 | Lair:6   | Found a viscous altar of Jiyva.
 16401 | Lair:6   | Found a staircase to the Swamp.
 16449 | Lair:6   | the staircase to the Swamp was a mimic.
 16632 | Lair:6   | Noticed a five-headed hydra
 16643 | Lair:6   | Killed a five-headed hydra
 16701 | Lair:7   | Noticed a four-headed hydra
 16715 | Lair:7   | Killed a four-headed hydra
 16979 | Lair:7   | Gained mutation: You are dopey. (Int -2) [potion of mutation]
 16979 | Lair:7   | Gained mutation: You are clumsy. (Dex -2) [potion of mutation]
 16979 | Lair:7   | Gained mutation: You can spit poison. [potion of mutation]
 16980 | Lair:7   | Lost mutation: You can spit poison. [potion of cure mutation]
 16980 | Lair:7   | Lost mutation: You are clumsy. (Dex -2) [potion of cure mutation]
 16980 | Lair:7   | Lost mutation: You are dopey. (Int -2) [potion of cure mutation]
 17051 | Lair:8   | Entered Level 8 of the Lair of Beasts
 17458 | Lair:8   | Reached XP level 13. HP: 27/58 MP: 30/30
 18408 | Lair:8   | Noticed a four-headed hydra
 18925 | Lair:8   | Noticed an eight-headed hydra
 18935 | Lair:8   | Killed an eight-headed hydra
 19042 | Lair:8   | Killed a four-headed hydra
 19053 | Lair:8   | Reached skill level 14 in Dodging
 19252 | Lair:8   | Noticed a dire elephant
 19266 | Lair:8   | Killed a dire elephant
 20243 | D:10     | Noticed a hill giant
 20332 | D:10     | Noticed an unseen horror
 20353 | D:10     | Killed an unseen horror
 20510 | D:10     | Killed a hill giant
 20998 | D:11     | Noticed Gastronok
 21009 | D:11     | Killed Gastronok
 21949 | D:12     | Reached skill level 10 in Fighting
 22369 | D:12     | Found Ghieck's Distillery.
 22377 | D:12     | Bought a potion of slowing for 13 gold pieces
 22377 | D:12     | Bought a potion of degeneration for 26 gold pieces
 23620 | D:13     | Reached XP level 14. HP: 49/64 MP: 31/31
 24116 | D:14     | Entered Level 14 of the Dungeon
 24495 | D:14     | Noticed Sonja
 24503 | D:14     | Killed Sonja
 24942 | D:15     | Entered Level 15 of the Dungeon
 25399 | D:15     | Found a frozen archway.
 25426 | IceCv    | Entered an ice cave
 26002 | IceCv    | Slain by an anaconda simulacrum
 26003 | IceCv    | Reached XP level 13. HP: -1/60 MP: 30/30
 26051 | IceCv    | Reached skill level 15 in Dodging
 27187 | D:16     | Reached skill level 15 in Unarmed Combat
 27600 | D:16     | Noticed a sphinx
 27629 | D:16     | Killed a sphinx
 27765 | D:16     | Slain by a six-headed hydra
 27766 | D:16     | Reached XP level 12. HP: 0/85 MP: 29/29
 27769 | D:16     | Quit the game

Action                   |  1- 3 |  4- 6 |  7- 9 | 10-12 | 13-15 || total
-------------------------+-------+-------+-------+-------+-------++-------
Melee: Unarmed           |    88 |   158 |   385 |  1136 |   990 ||  2757
Invok: Berserk           |       |     1 |     4 |    12 |     2 ||    19
       Trog's Hand       |       |     1 |     6 |    20 |    20 ||    47
       Brothers in Arms  |       |       |     1 |     5 |    12 ||    18
       Burn Spellbooks   |       |       |       |     2 |     2 ||     4
 Abil: Evoke Berserk Rag |       |       |       |     1 |     1 ||     2
  Use: Potion            |     1 |       |     2 |    18 |     2 ||    23
       Scroll            |       |     5 |    14 |    20 |     6 ||    45
 Stab: Sleeping          |     2 |     9 |     9 |    42 |    55 ||   117
       Confused          |       |       |     2 |       |       ||     2
       Distracted        |       |       |       |     7 |     9 ||    16
